[Event "37th Belgrade Trophy 2024"]
[Site "Belgrade"]
[Date "2024.11.23"]
[Round "1.3"]
[White "Askovic, Jovica"]
[Black "Atalik, Suat"]
[Result "0-1"]
[ECO "C54"]
[WhiteElo "1863"]
[BlackElo "2420"]
[Annotator "RC"]
[PlyCount "92"]
[EventDate "2024.11.23"]
[EventCountry "SRB"]
[SourceTitle "playchess.com"]
[Source "ChessBase"]
[SourceQuality "1"]
[TimeControl "40/5400+30:900+30"]

1. e4 e5 2. Nf3 Nc6 3. Bc4 Bc5 4. c3 Nf6 5. d4 exd4 6. cxd4 Bb4+ 7. Bd2 Nxe4 8. Bxb4 Nxb4 9. Bxf7+ Kxf7 10. Qb3+ d5 11. Qxb4 Re8 12. O-O a5 13. Qb3 a4 14. Qb4 Qd6 15. Qxd6 Nxd6 16. Nc3 c6 17. Rfe1 Bf5 18. Rxe8 Kxe8 19. Re1+ Kd8 20. Ne5 a3 21. b3 h5 22. f3 Rc8 23. h3 h4 24. Rc1 Nb5 25. Ne2 Ke7 26. Kf2 Kf6 27. f4 Re8 28. Ke3 Bg6 29. Ng1 Be4 30. Ngf3 Bxf3 31. gxf3 Nd6 32. Rg1 Nf5+ 33. Kd3 Ng3 34. Kd2 Kf5 35. Ke3 c5 36. dxc5 g5 37. Kd3 Kxf4 38. Ng4 Kxf3 39. b4 Nh5 40. Nh2+ Kf2 41. Rxg5 Nf4+ 42. Kc2 d4 43. Ng4+ Ke2 44. Ne5 Nxh3 45. Rh5 Nf4 46. Nc4 Nxh5 0-1

[Event "37th Belgrade Trophy 2024"]
[Site "Belgrade"]
[Date "2024.11.23"]
[Round "1.4"]
[White "Stanojoski, Zvonko"]
[Black "Yasaswi Krishna Bommi"]
[Result "1-0"]
[ECO "A49"]
[WhiteElo "2401"]
[BlackElo "1861"]
[Annotator "RC"]
[PlyCount "75"]
[EventDate "2024.11.23"]
[EventCountry "SRB"]
[SourceTitle "playchess.com"]
[Source "ChessBase"]
[SourceQuality "1"]
[TimeControl "40/5400+30:900+30"]

1. Nf3 Nf6 2. d4 g6 3. g3 Bg7 4. Bg2 d6 5. O-O O-O 6. b3 Nbd7 7. Bb2 c5 8. dxc5 Nxc5 9. c4 Qc7 10. Nc3 a6 11. Rc1 Qd8 12. Nd4 Ne6 13. Nxe6 Bxe6 14. Bxb7 Rb8 15. Bg2 Bxc4 16. Ne4 Nxe4 17. Bxg7 Kxg7 18. Rxc4 Nc5 19. b4 Ne6 20. Qd2 Qb6 21. Rfc1 Kg8 22. Bd5 Ng7 23. a3 e6 24. Be4 d5 25. Rc6 Qb7 26. Bd3 Ra8 27. Qc3 Rfd8 28. Rc7 Qb6 29. Qf6 Rf8 30. R1c6 Qb8 31. Qc3 Rd8 32. Bxa6 Nf5 33. Rb7 d4 34. Qc5 Qxb7 35. Bxb7 Rxa3 36. Rc8 Rxc8 37. Qxc8+ Kg7 38. Be4 1-0

[Event "37th Belgrade Trophy 2024"]
[Site "Belgrade"]
[Date "2024.11.23"]
[Round "1.5"]
[White "Bozic, Andrej"]
[Black "Sutormin, Danila"]
[Result "0-1"]
[ECO "B92"]
[WhiteElo "1859"]
[BlackElo "2394"]
[Annotator "RC"]
[PlyCount "92"]
[EventDate "2024.11.23"]
[EventCountry "SRB"]
[SourceTitle "playchess.com"]
[Source "ChessBase"]
[SourceQuality "1"]
[TimeControl "40/5400+30:900+30"]

1. e4 c5 2. Nf3 a6 3. d4 cxd4 4. Nxd4 Nf6 5. Nc3 e5 6. Nb3 d6 7. f3 Be6 8. Be3 Nbd7 9. Be2 Be7 10. Qd2 O-O 11. O-O b5 12. Bf2 Nb6 13. Bd3 Qc7 14. Qe2 Nc4 15. Rab1 Rfc8 16. Rfe1 b4 17. Nd1 a5 18. Ne3 Nxe3 19. Qxe3 a4 20. Nc1 Nd7 21. a3 bxa3 22. bxa3 h6 23. Qd2 Bg5 24. Be3 Qc5 25. Bxc5 Bxd2 26. Bb4 Bxe1 27. Bxe1 Nc5 28. Bb4 Nxd3 29. cxd3 Rc2 30. Kf1 d5 31. exd5 Bxd5 32. Ne2 Rac8 33. Rd1 f6 34. Kf2 Bb3 35. Re1 Rb2 36. Ke3 Bf7 37. h4 Be8 38. g3 Bb5 39. Rd1 Rcc2 40. Re1 Kf7 41. f4 exf4+ 42. Nxf4 Rc8 43. Kd4 Rc7 44. Re3 Rb3 45. Ke4 Rxb4+ 46. axb4 Re7+ 0-1

[Event "37th Belgrade Trophy 2024"]
[Site "Belgrade"]
[Date "2024.11.23"]
[Round "1.6"]
[White "Xie, Jianjun"]
[Black "Li, Zhanjia"]
[Result "1-0"]
[ECO "C42"]
[WhiteElo "2361"]
[BlackElo "1859"]
[Annotator "RC"]
[PlyCount "45"]
[EventDate "2024.11.23"]
[EventCountry "SRB"]
[SourceTitle "playchess.com"]
[Source "ChessBase"]
[SourceQuality "1"]
[TimeControl "40/5400+30:900+30"]

1. e4 e5 2. Nf3 Nf6 3. Nxe5 d6 4. Nf3 Nxe4 5. d4 d5 6. Bd3 Nc6 7. O-O Be7 8. c4 Nf6 9. Nc3 O-O 10. h3 Nb4 11. Be2 dxc4 12. Bxc4 c6 13. Ne5 Bf5 14. Qf3 Bg6 15. Be3 Nbd5 16. Rad1 Qd6 17. Bg5 Rad8 18. Rfe1 Nxc3 19. bxc3 Rfe8 20. h4 Nd5 21. h5 Bxg5 22. hxg6 Rf8 23. gxh7+ 1-0

[Event "37th Belgrade Trophy 2024"]
[Site "Belgrade"]
[Date "2024.11.23"]
[Round "2"]
[White "Karisik, Nenad"]
[Black "Rogers, Tim L"]
[Result "1-0"]
[ECO "C41"]
[WhiteElo "2119"]
[BlackElo "1907"]
[Annotator "RC"]
[PlyCount "102"]
[EventDate "2024.11.23"]
[EventCountry "SRB"]
[SourceTitle "playchess.com"]
[Source "ChessBase"]
[SourceQuality "1"]
[TimeControl "40/5400+30:900+30"]

1. e4 d6 2. d4 Nf6 3. Nc3 e5 4. Nf3 exd4 5. Nxd4 Be7 6. Bc4 O-O 7. O-O Nxe4 8. Nxe4 d5 9. Bd3 dxe4 10. Bxe4 Nd7 11. Bf4 Nf6 12. Bf3 Nd5 13. Bg3 c6 14. c3 Bd6 15. Bxd5 cxd5 16. Bxd6 Qxd6 17. Qb3 Bd7 18. Rfe1 Rfd8 19. Re3 h6 20. Rae1 Qg6 21. Qxd5 Bc6 22. Nxc6 bxc6 23. Qe4 Qxe4 24. Rxe4 Rd2 25. R4e2 Rad8 26. f3 f6 27. Kf2 Kf7 28. Rxd2 Rxd2+ 29. Re2 Rd1 30. Ke3 Ke6 31. Rd2 Rh1 32. Kd4 Kd6 33. Kc4+ Kc7 34. h3 Re1 35. b4 h5 36. a4 a6 37. Rd4 Rg1 38. Rd2 Re1 39. h4 Re5 40. Rd4 g5 41. Re4 Rd5 42. hxg5 Rxg5 43. Re6 Rxg2 44. Rxf6 Rd2 45. Rf5 Rd5 46. Rxd5 cxd5+ 47. Kd4 Kd6 48. f4 Ke6 49. b5 axb5 50. axb5 Kd6 51. f5 Kc7 1-0

[Event "37th Belgrade Trophy 2024"]
[Site "Belgrade"]
[Date "2024.11.23"]
[Round "2"]
[White "Petkovic, Vladimir"]
[Black "Leftheriotis, Alexandros"]
[Result "0-1"]
[ECO "B23"]
[WhiteElo "1923"]
[BlackElo "2165"]
[Annotator "RC"]
[PlyCount "54"]
[EventDate "2024.11.23"]
[EventCountry "SRB"]
[SourceTitle "playchess.com"]
[Source "ChessBase"]
[SourceQuality "1"]
[TimeControl "40/5400+30:900+30"]

1. e4 c5 2. Nc3 a6 3. a4 Nc6 4. f4 g6 5. Bc4 Bg7 6. Nf3 d6 7. O-O e6 8. f5 gxf5 9. exf5 d5 10. fxe6 fxe6 11. Ba2 Nf6 12. d3 O-O 13. Qe1 Nb4 14. Bb3 c4 15. dxc4 dxc4 16. Bxc4 Nxc2 17. Qh4 Nxa1 18. Bh6 b5 19. Ng5 bxc4 20. Bxg7 Kxg7 21. Rxf6 Rxf6 22. Qxh7+ Kf8 23. Qh8+ Ke7 24. Qg7+ Ke8 25. h3 Qd4+ 26. Kh2 Qe5+ 27. Kg1 Rf1+ 0-1

[Event "37th Belgrade Trophy 2024"]
[Site "Belgrade"]
[Date "2024.11.24"]
[Round "2.1"]
[White "Shchekachev, Andrei"]
[Black "Stosic, Slobodan"]
[Result "1-0"]
[ECO "E71"]
[WhiteElo "2448"]
[BlackElo "1984"]
[Annotator "TA"]
[PlyCount "69"]
[EventDate "2024.11.23"]
[EventCountry "SRB"]
[SourceTitle "playchess.com"]
[Source "ChessBase"]
[SourceQuality "1"]
[TimeControl "40/5400+30:900+30"]

1. d4 Nf6 2. c4 g6 3. Nc3 Bg7 4. e4 d6 5. h3 O-O 6. Be3 Na6 7. Bd3 c5 8. Nf3 cxd4 9. Nxd4 {[%emt 0:00:12] White is slightly better.} Nc5 10. O-O b6 11. f3 Bb7 12. Be2 Nh5 13. Qd2 Ng3 14. Rfe1 Nxe2+ 15. Rxe2 Rc8 16. b3 a6 17. Rd1 Qc7 18. Ree1 Ne6 19. Nce2 (19. Nxe6 $16 fxe6 20. Na4) 19... Nxd4 $14 20. Nxd4 Rb8 21. Kh1 Rfd8 22. a4 e6 23. Rc1 e5 (23... Qe7 $14) 24. Ne2 f5 25. Nc3 {[%emt 0:01:27] White is more active.} f4 (25... Re8 $16 26. Red1 Bf8) 26. Bf2 $18 g5 27. Nd5 Bxd5 (27... Qf7 $142 28. Bxb6 Rd7) 28. cxd5 (28. exd5 h5 $16) ({But not} 28. Qxd5+ $6 Qf7 29. b4 Bf8 $14) 28... Qd7 29. Rc6 Rdc8 30. Rec1 (30. Rxb6 Rxb6 31. Bxb6 h5 $16) ({Resist} 30. Bxb6 Rxc6 31. dxc6 Qxc6 $18) 30... Rxc6 $2 {[%emt 0:03:58] [#]} (30... b5 {was worth a try.} 31. Qc2 (31. Rxa6 h5 $18) 31... Rxc6 32. dxc6 Qc7) 31. dxc6 {[%emt 0:02:54] White is clearly winning.} Qe6 32. Qd3 b5 33. c7 Rc8 34. axb5 axb5 35. Qxb5 {[%emt 0:00:06] Weighted Error Value: White=0.07 (flawless) /Black=0.27 (precise) .  Mistake:       	White=1     	Black=4      Inaccurate:     	White=1     	Black=4      OK:         	White=14    	Black=10     Best:        	White=1     	---} 1-0

[Event "37th Belgrade Trophy 2024"]
[Site "Belgrade"]
[Date "2024.11.24"]
[Round "2.3"]
[White "Atalik, Suat"]
[Black "Xie, Jiaxiang"]
[Result "1/2-1/2"]
[ECO "A90"]
[WhiteElo "2420"]
[BlackElo "1949"]
[Annotator "RC"]
[PlyCount "71"]
[EventDate "2024.11.23"]
[EventCountry "SRB"]
[SourceTitle "playchess.com"]
[Source "ChessBase"]
[SourceQuality "1"]
[TimeControl "40/5400+30:900+30"]

1. d4 f5 2. g3 Nf6 3. Bg2 d5 4. Nh3 e6 5. O-O Bd6 6. c4 c6 7. Qc2 O-O 8. Bf4 Ne4 9. f3 Bxf4 10. Nxf4 Nd6 11. Nd2 b6 12. e3 Qf6 13. Nd3 Bb7 14. Qc3 Nf7 15. e4 Nd7 16. exf5 exf5 17. Rfe1 Rfe8 18. f4 Qd6 19. Ne5 Nf6 20. cxd5 cxd5 21. Ndc4 Qc7 22. Nxf7 Qxf7 23. Nd6 Rxe1+ 24. Qxe1 Qd7 25. Qe5 Rd8 26. Nxb7 Re8 27. Qd6 Qxb7 28. Rc1 Re7 29. Bh3 Ng4 30. Bxg4 fxg4 31. f5 Qd7 32. Qf4 Re4 33. Qb8+ Re8 34. Qf4 Re4 35. Qb8+ Re8 36. Qf4 1/2-1/2

[Event "37th Belgrade Trophy 2024"]
[Site "Belgrade"]
[Date "2024.11.24"]
[Round "2.4"]
[White "Zhambalov, Bator"]
[Black "Stanojoski, Zvonko"]
[Result "0-1"]
[ECO "B30"]
[WhiteElo "1984"]
[BlackElo "2401"]
[Annotator "RC"]
[PlyCount "70"]
[EventDate "2024.11.23"]
[EventCountry "SRB"]
[SourceTitle "playchess.com"]
[Source "ChessBase"]
[SourceQuality "1"]
[TimeControl "40/5400+30:900+30"]

1. e4 c5 2. Nf3 Nc6 3. Bb5 Nf6 4. e5 Nd5 5. O-O Nc7 6. Bxc6 dxc6 7. h3 Ne6 8. d3 g6 9. b3 Bg7 10. Bb2 b6 11. Nbd2 O-O 12. Ne4 a5 13. a4 Qd5 14. Re1 h6 15. Qd2 Kh7 16. Rad1 Nd4 17. Nxd4 cxd4 18. f4 c5 19. Qf2 Bb7 20. Bc1 f5 21. exf6 exf6 22. f5 gxf5 23. Ng3 f4 24. Bxf4 Rf7 25. Ne4 Rd8 26. Nd2 Rg8 27. Kh2 Bf8 28. g3 Bd6 29. Bxd6 Qxd6 30. Nc4 Qc7 31. Rg1 Re8 32. Rde1 Rfe7 33. Rxe7+ Rxe7 34. Rf1 Qc6 35. Nd2 Re5 0-1

[Event "37th Belgrade Trophy 2024"]
[Site "Belgrade"]
[Date "2024.11.24"]
[Round "2.5"]
[White "Sutormin, Danila"]
[Black "Karaivanova, Petya"]
[Result "1-0"]
[ECO "D35"]
[WhiteElo "2394"]
[BlackElo "1939"]
[Annotator "RC"]
[PlyCount "77"]
[EventDate "2024.11.23"]
[EventCountry "SRB"]
[SourceTitle "playchess.com"]
[Source "ChessBase"]
[SourceQuality "1"]
[TimeControl "40/5400+30:900+30"]

1. d4 d5 2. c4 e6 3. Nc3 Nf6 4. cxd5 exd5 5. Bf4 Bd6 6. Bxd6 Qxd6 7. e3 Bf5 8. Qf3 Bg4 9. Qg3 Qxg3 10. hxg3 a6 11. f3 Be6 12. g4 Nbd7 13. g5 Ng8 14. Nge2 Ne7 15. Nf4 O-O-O 16. Bd3 g6 17. O-O-O c6 18. g4 b5 19. Rh2 c5 20. dxc5 Nxc5 21. Bb1 Kb8 22. b3 Nc6 23. Nce2 Rc8 24. Kb2 Ne5 25. Nd4 b4 26. Rdh1 Nb7 27. Rxh7 Rxh7 28. Rxh7 Rc3 29. Rh8+ Ka7 30. Re8 Rxe3 31. Nfxe6 fxe6 32. Rxe6 Nd8 33. Rd6 Ndf7 34. Rxd5 Kb6 35. f4 Nxg4 36. Bxg6 Nxg5 37. Rxg5 Nf2 38. Bc2 Nh3 39. Re5 1-0

[Event "37th Belgrade Trophy 2024"]
[Site "Belgrade"]
[Date "2024.11.24"]
[Round "2.7"]
[White "Ivanovic, Marko"]
[Black "Darmaeva, Nomina"]
[Result "1-0"]
[ECO "D02"]
[WhiteElo "2297"]
[BlackElo "1936"]
[Annotator "RC"]
[PlyCount "117"]
[EventDate "2024.11.23"]
[EventCountry "SRB"]
[SourceTitle "playchess.com"]
[Source "ChessBase"]
[SourceQuality "1"]
[TimeControl "40/5400+30:900+30"]

1. Nf3 d5 2. g3 Nd7 3. d4 Nb6 4. b3 Bf5 5. Bb2 Nf6 6. Nbd2 e6 7. Nh4 Bg4 8. h3 Bh5 9. Bg2 Be7 10. g4 Ne4 11. Nxe4 dxe4 12. gxh5 Bxh4 13. Bxe4 Qf6 14. Rf1 Nd5 15. Qd2 Bg5 16. Qd3 O-O-O 17. e3 c6 18. c4 Ne7 19. O-O-O Qh6 20. f4 Bh4 21. Bf3 Rhe8 22. Kb1 g6 23. Qc3 Nf5 24. Bc1 Qg7 25. Rd3 gxh5 26. Rfd1 Bf6 27. Bxh5 Ng3 28. Bf3 Nf5 29. Bb2 Rg8 30. a3 Qh8 31. Ka2 Rg3 32. Bg4 Nd6 33. Qe1 Ne4 34. Qe2 h5 35. Bf3 Qh7 36. Bh1 Bg7 37. b4 f5 38. b5 cxb5 39. cxb5 Kb8 40. Bxe4 fxe4 41. Rc3 Bf8 42. Rdc1 Bd6 43. Qc2 Rgg8 44. a4 Qf5 45. Ba3 Bxa3 46. Kxa3 Qd5 47. Rc5 Qd6 48. Kb3 b6 49. Rc6 Qd5+ 50. Kb4 Qd7 51. Qxe4 Rde8 52. Qe5+ Ka8 53. Qxh5 Rg3 54. Qxe8+ Qxe8 55. Rc8+ Qxc8 56. Rxc8+ Kb7 57. Rc3 Rxh3 58. Kc4 Rh5 59. Kd3 1-0

[Event "37th Belgrade Trophy 2024"]
[Site "Belgrade"]
[Date "2024.11.24"]
[Round "2.8"]
[White "Nikolic, Matija"]
[Black "Galojan, Lilit"]
[Result "0-1"]
[ECO "E09"]
[WhiteElo "1951"]
[BlackElo "2285"]
[Annotator "RC"]
[PlyCount "42"]
[EventDate "2024.11.23"]
[EventCountry "SRB"]
[SourceTitle "playchess.com"]
[Source "ChessBase"]
[SourceQuality "1"]
[TimeControl "40/5400+30:900+30"]

1. d4 Nf6 2. c4 e6 3. Nf3 b6 4. g3 Ba6 5. Qc2 c6 6. Bg2 d5 7. b3 Nbd7 8. O-O Be7 9. Nbd2 O-O 10. Bb2 c5 11. e3 Rc8 12. Rac1 b5 13. cxb5 Bxb5 14. Rfd1 Qa5 15. Bc3 Qa6 16. Qb2 Rb8 17. Bf1 Bxf1 18. Rxf1 cxd4 19. Bxd4 Ba3 20. Qa1 Bxc1 21. Rxc1 Rfc8 0-1

[Event "37th Belgrade Trophy 2024"]
[Site "Belgrade"]
[Date "2024.11.24"]
[Round "2.9"]
[White "Petrovic, Aleksa"]
[Black "Bajkic, Strahinja"]
[Result "1-0"]
[ECO "E05"]
[WhiteElo "2262"]
[BlackElo "1923"]
[Annotator "RC"]
[PlyCount "67"]
[EventDate "2024.11.23"]
[EventCountry "SRB"]
[SourceTitle "playchess.com"]
[Source "ChessBase"]
[SourceQuality "1"]
[TimeControl "40/5400+30:900+30"]

1. g3 Nf6 2. Bg2 d5 3. c4 e6 4. Nf3 Be7 5. d4 O-O 6. O-O dxc4 7. Qc2 b6 8. Bg5 Nd5 9. Bxe7 Qxe7 10. Qxc4 Bb7 11. Re1 Rc8 12. e4 Nf6 13. Nc3 Nbd7 14. Rad1 c6 15. Qb3 Rd8 16. Rd2 Ne8 17. Qd1 Nd6 18. d5 Nb5 19. dxe6 fxe6 20. Nxb5 cxb5 21. Nd4 a6 22. Nf5 exf5 23. exf5 Ne5 24. Bxb7 Rxd2 25. Qxd2 Re8 26. Qd5+ Kh8 27. Kg2 Qc7 28. Bc6 Re7 29. Bxb5 h6 30. Bxa6 Ng4 31. Rxe7 Qxe7 32. Qe6 Qa7 33. Qc8+ Kh7 34. Qb7 1-0

[Event "37th Belgrade Trophy 2024"]
[Site "Belgrade"]
[Date "2024.11.24"]
[Round "2.10"]
[White "Vucinic, Filip"]
[Black "Martic, Ivan"]
[Result "0-1"]
[ECO "B43"]
[WhiteElo "1944"]
[BlackElo "2261"]
[Annotator "RC"]
[PlyCount "90"]
[EventDate "2024.11.23"]
[EventCountry "SRB"]
[SourceTitle "playchess.com"]
[Source "ChessBase"]
[SourceQuality "1"]
[TimeControl "40/5400+30:900+30"]

1. e4 c5 2. Nf3 e6 3. Nc3 a6 4. d4 cxd4 5. Nxd4 b5 6. Bd3 Bb7 7. O-O Nc6 8. Nce2 Nf6 9. Re1 Bc5 10. Nxc6 Bxc6 11. Ng3 h5 12. h3 h4 13. Nf1 d5 14. e5 Ne4 15. Bxe4 dxe4 16. Qg4 Qd4 17. Qf4 Rh5 18. c3 Qxe5 19. Qxe5 Rxe5 20. Bf4 Rh5 21. Nd2 f5 22. Nb3 Be7 23. Nd4 Bd5 24. a4 bxa4 25. Rxa4 g5 26. Be5 Kf7 27. c4 Bb7 28. b4 g4 29. c5 Bd5 30. Kh2 gxh3 31. Kxh3 f4 32. Bd6 Bf6 33. Ne2 e5 34. Nc3 Be6+ 35. Kh2 h3 36. g3 e3 37. gxf4 Rg8 38. fxe3 exf4 39. Ne4 Rg2+ 40. Kh1 Bd5 41. exf4 Bh4 42. Re3 Bf2 43. Re2 h2 44. Kxg2 h1=Q+ 45. Kxf2 Rh2+ 0-1

[Event "37th Belgrade Trophy 2024"]
[Site "Belgrade"]
[Date "2024.11.25"]
[Round "3.2"]
[White "Stanojoski, Zvonko"]
[Black "Prudnikova, Svetlana"]
[Result "1-0"]
[ECO "A12"]
[WhiteElo "2401"]
[BlackElo "2129"]
[Annotator "RC"]
[PlyCount "99"]
[EventDate "2024.11.23"]
[EventCountry "SRB"]
[SourceTitle "playchess.com"]
[Source "ChessBase"]
[SourceQuality "1"]
[TimeControl "40/5400+30:900+30"]

1. Nf3 d5 2. b3 Bf5 3. Bb2 e6 4. g3 h6 5. Bg2 Nf6 6. O-O Be7 7. d3 O-O 8. Nbd2 Bh7 9. c4 c6 10. a3 a5 11. Rc1 Nbd7 12. Rc2 Bd6 13. Qa1 Qe7 14. cxd5 cxd5 15. Nd4 Rfc8 16. Rxc8+ Rxc8 17. Rc1 Rc5 18. a4 Qf8 19. Nb5 Rxc1+ 20. Qxc1 Bb4 21. Nf3 Qc5 22. Qd1 Bg6 23. h3 Nh5 24. Ne5 Nxe5 25. Bxe5 Qc8 26. Qa1 f6 27. Bc3 Bxc3 28. Nxc3 Qc5 29. Kf1 Be8 30. Bf3 f5 31. Bxh5 Bxh5 32. Nb5 Qc2 33. Nd4 Qd2 34. g4 fxg4 35. Nxe6 Kf7 36. hxg4 Kxe6 37. gxh5 Qg5 38. Qc3 Qxh5 39. Qxg7 Kd6 40. Ke1 Qh1+ 41. Kd2 h5 42. f4 h4 43. Qe5+ Kc6 44. f5 h3 45. f6 Qf1 46. Qe8+ Kb6 47. f7 h2 48. Qb5+ Kc7 49. Qxa5+ Kc6 50. Qb5+ 1-0

[Event "37th Belgrade Trophy 2024"]
[Site "Belgrade"]
[Date "2024.11.25"]
[Round "3.4"]
[White "Baghdasaryan, Davit"]
[Black "Sutormin, Danila"]
[Result "1/2-1/2"]
[ECO "B37"]
[WhiteElo "2121"]
[BlackElo "2394"]
[Annotator "RC"]
[PlyCount "157"]
[EventDate "2024.11.23"]
[EventCountry "SRB"]
[SourceTitle "playchess.com"]
[Source "ChessBase"]
[SourceQuality "1"]
[TimeControl "40/5400+30:900+30"]

1. e4 c5 2. Nf3 g6 3. d4 cxd4 4. Nxd4 Nc6 5. c4 Nf6 6. Nc3 d6 7. Nc2 Bg7 8. Be2 O-O 9. O-O Be6 10. Bd2 Nd7 11. Rb1 Rc8 12. b3 Nc5 13. f3 f5 14. b4 Nd7 15. Nd5 fxe4 16. fxe4 Rxf1+ 17. Qxf1 Nf6 18. Qf4 Ne5 19. Nce3 Kh8 20. h4 Qd7 21. Nxf6 Bxf6 22. h5 g5 23. Qf1 Qa4 24. Nd5 Bxd5 25. exd5 Qc2 26. Be3 Qe4 27. Bxa7 Ra8 28. Bf2 Rxa2 29. Re1 Qf4 30. c5 Nd3 31. g3 Qxf2+ 32. Qxf2 Nxf2 33. Kxf2 dxc5 34. bxc5 Bd4+ 35. Kf3 Bxc5 36. Rb1 b6 37. Bb5 Rd2 38. Ke4 Kg7 39. Rb3 g4 40. Bd7 Rd4+ 41. Ke5 Kh6 42. Rb1 Rc4 43. Kf5 Rd4 44. Ke5 Rd3 45. Bxg4 Kg5 46. Bf5 Re3+ 47. Be4 h6 48. Rf1 Rxg3 49. Bf3 b5 50. Ke4 b4 51. Rb1 Rh3 52. Rb3 Rh4+ 53. Kd3 Kf4 54. Bd1 Bd6 55. Be2 Ke5 56. Bf3 Rh3 57. Kc4 Rh2 58. Kd3 Rf2 59. Kc4 Kf4 60. Bd1 Ke4 61. Rd3 Be5 62. Bb3 Bd6 63. Bd1 Rf8 64. Rd4+ Ke5 65. Rd3 Rc8+ 66. Kb3 Kf4 67. Bc2 Ra8 68. Rd4+ Ke5 69. Rd3 Ra1 70. Kc4 Rc1 71. Kb3 Kf4 72. Rd1 Rxd1 73. Bxd1 Ke3 74. Bg4 Kf4 75. Be6 Ke3 76. Bf7 Kf4 77. Be6 Ke3 78. Bf7 Kf4 79. Be6 1/2-1/2

[Event "37th Belgrade Trophy 2024"]
[Site "Belgrade"]
[Date "2024.11.25"]
[Round "3.5"]
[White "Xie, Jianjun"]
[Black "Karisik, Nenad"]
[Result "1-0"]
[ECO "C84"]
[WhiteElo "2361"]
[BlackElo "2119"]
[Annotator "RC"]
[PlyCount "61"]
[EventDate "2024.11.23"]
[EventCountry "SRB"]
[SourceTitle "playchess.com"]
[Source "ChessBase"]
[SourceQuality "1"]
[TimeControl "40/5400+30:900+30"]

1. e4 e5 2. Nf3 Nc6 3. Bb5 a6 4. Ba4 Nf6 5. d4 exd4 6. O-O Be7 7. Re1 O-O 8. e5 Ne8 9. c3 b5 10. Bb3 d5 11. cxd4 Bg4 12. Nc3 Bxf3 13. gxf3 Bb4 14. Bxd5 Bxc3 15. Bxc6 Bxe1 16. Qxe1 Rb8 17. Qe4 Rb6 18. Bd2 b4 19. Rc1 g6 20. d5 Ng7 21. Kh1 Qe7 22. Be3 f5 23. d6 Qf7 24. Qc4 Rxc6 25. Qxf7+ Kxf7 26. Rxc6 Ne6 27. dxc7 Rc8 28. Bb6 Ke7 29. Ba5 Kd7 30. Rd6+ Ke7 31. Rxa6 1-0

[Event "37th Belgrade Trophy 2024"]
[Site "Belgrade"]
[Date "2024.11.26"]
[Round "4.3"]
[White "Leftheriotis, Alexandros"]
[Black "Xie, Jianjun"]
[Result "1/2-1/2"]
[ECO "C77"]
[WhiteElo "2165"]
[BlackElo "2361"]
[Annotator "RC"]
[PlyCount "55"]
[EventDate "2024.11.23"]
[EventCountry "SRB"]
[SourceTitle "playchess.com"]
[Source "ChessBase"]
[SourceQuality "1"]
[TimeControl "40/5400+30:900+30"]

1. e4 e5 2. Nf3 Nc6 3. Bb5 a6 4. Ba4 Nf6 5. d3 d6 6. c3 g6 7. O-O Bg7 8. Re1 O-O 9. h3 Re8 10. Be3 d5 11. Nbd2 h6 12. a3 g5 13. d4 exd4 14. Nxd4 Bd7 15. Nxc6 Bxc6 16. Bxc6 bxc6 17. Qa4 Nxe4 18. Qxc6 Re6 19. Qa4 Rb8 20. Rad1 Qe8 21. Qxe8+ Rexe8 22. Nxe4 Rxe4 23. Rxd5 Rxb2 24. Rc5 Rb3 25. Rxc7 Rxa3 26. Rd1 Be5 27. Rc8+ Kg7 28. Bd4 1/2-1/2

[Event "37th Belgrade Trophy 2024"]
[Site "Belgrade"]
[Date "2024.11.26"]
[Round "4.5"]
[White "Sutormin, Danila"]
[Black "Kerner, Michael"]
[Result "1-0"]
[ECO "B12"]
[WhiteElo "2394"]
[BlackElo "2086"]
[Annotator "RC"]
[PlyCount "119"]
[EventDate "2024.11.23"]
[EventCountry "SRB"]
[SourceTitle "playchess.com"]
[Source "ChessBase"]
[SourceQuality "1"]
[TimeControl "40/5400+30:900+30"]

1. e4 c6 2. d4 d5 3. e5 c5 4. Nf3 Nc6 5. dxc5 Bg4 6. c3 e6 7. Be3 Nh6 8. Bb5 Qc7 9. Nbd2 Nf5 10. Bd4 Be7 11. O-O O-O 12. Qa4 Bh5 13. Rfe1 g5 14. h3 Bg6 15. g4 Nfxd4 16. cxd4 f5 17. exf6 Rxf6 18. Bxc6 bxc6 19. Ne5 Rc8 20. Re3 Be8 21. Rae1 Bf8 22. Ra3 Rf4 23. Nd3 Rf7 24. Rxe6 Bg7 25. Ne5 Rf4 26. Ndf3 a6 27. Qxa6 Bxe5 28. Rxe5 Bg6 29. Qb6 Qg7 30. Ree3 Rcf8 31. Qxc6 Be4 32. Qe6+ Kh8 33. Kg2 Qxd4 34. Kg3 Qxb2 35. c6 Qa1 36. Qe5+ Qxe5 37. Nxe5 Rxf2 38. Nf3 Rc2 39. Nxg5 Bg6 40. Ne6 Rc8 41. Rec3 Re2 42. Nf4 Rd2 43. Nxg6+ hxg6 44. c7 d4 45. Rc4 d3 46. Rb3 Kg7 47. a4 Rd1 48. Rd4 d2 49. Rd7+ Kf6 50. Rbd3 Rg1+ 51. Kf4 g5+ 52. Ke3 d1=Q 53. Rxd1 Rxd1 54. Rxd1 Rxc7 55. Ra1 Ke5 56. Ra3 Rc2 57. Kf3 Kd4 58. a5 Rc7 59. a6 Ra7 60. Ra5 1-0

[Event "37th Belgrade Trophy 2024"]
[Site "Belgrade"]
[Date "2024.11.27"]
[Round "5.1"]
[White "Bryakin, Mikhail"]
[Black "Sutormin, Danila"]
[Result "1/2-1/2"]
[ECO "A06"]
[WhiteElo "2435"]
[BlackElo "2394"]
[Annotator "TA"]
[PlyCount "25"]
[EventDate "2024.11.23"]
[EventCountry "SRB"]
[SourceTitle "playchess.com"]
[Source "ChessBase"]
[SourceQuality "1"]
[TimeControl "40/5400+30:900+30"]

1. Nf3 d5 2. b3 Nf6 3. Bb2 e6 4. g3 c5 5. Bg2 Be7 6. O-O O-O 7. d3 Nc6 8. Nbd2 Qc7 9. e4 b5 10. a4 {[%emt 0:00:22] [#] Black must now prevent exd5. The position is equal.} b4 11. Re1 Bb7 12. h4 h6 13. e5 {[%emt 0:00:28] White did not feel at home in the position after the opening.   Weighted Error Value: White=0.11 (very precise) /Black=0.12 (very precise) .  Mistake:       	White=1     	---        Inaccurate:     	---       	Black=1      OK:         	White=1     	Black=1} ({White should play} 13. exd5 $11 Nxd5 14. Ne5) 1/2-1/2

[Event "37th Belgrade Trophy 2024"]
[Site "Belgrade"]
[Date "2024.11.27"]
[Round "5.2"]
[White "Stanojoski, Zvonko"]
[Black "Leftheriotis, Alexandros"]
[Result "1-0"]
[ECO "B92"]
[WhiteElo "2401"]
[BlackElo "2165"]
[Annotator "RC"]
[PlyCount "71"]
[EventDate "2024.11.23"]
[EventCountry "SRB"]
[SourceTitle "playchess.com"]
[Source "ChessBase"]
[SourceQuality "1"]
[TimeControl "40/5400+30:900+30"]

1. e4 c5 2. Nf3 d6 3. d4 cxd4 4. Nxd4 Nf6 5. Nc3 a6 6. Be2 e5 7. Nb3 Be7 8. O-O O-O 9. Re1 Be6 10. Bf3 Nbd7 11. a4 h5 12. h3 g6 13. a5 Rc8 14. Be3 Nh7 15. Re2 Rc6 16. Rd2 Bg5 17. Rxd6 Rxd6 18. Qxd6 Bxe3 19. fxe3 Qg5 20. Kf2 Ndf6 21. Rh1 h4 22. Ne2 Rc8 23. Nc5 Ne8 24. Qb6 Bc4 25. Rd1 Bxe2 26. Kxe2 Rc6 27. Qb4 Qe7 28. Nxa6 Rxc2+ 29. Kd3 Qxb4 30. Nxb4 Rxb2 31. Kc3 Rf2 32. Kb3 Ng5 33. Nd3 Rxf3 34. gxf3 Nxf3 35. Nc5 Nf6 36. Nxb7 1-0